 Dungeon Crawl Stone Soup version 0.28-a0-604-g249bb1af34 (webtiles) character file.

Game seed: 8301182634069038750

1022 CurlyBrace the Conjurer (level 8, 0/34 HPs)
             Began as a Felid Fire Elementalist on Oct 4, 2021.
             Was a Believer of Sif Muna.
             Shot with an arrow by a centaur (14 damage)
             ... on level 10 of the Dungeon.
             The game lasted 00:35:40 (1849 turns).

CurlyBrace the Conjurer (Felid Fire Elementalist)   Turns: 1849, Time: 00:35:40

Health: 0/34       AC:  2    Str:  6    XL:     8   Next: 2%
Magic:  8/15       EV: 18    Int: 23    God:    Sif Muna [**....]
Gold:   165        SH:  0    Dex: 16    Spells: 2/16 levels left
                                        Lives:  0   Deaths: 2

rFire   . . .      SeeInvis +     - Unarmed
rCold   + . .      Faith    .   (shield unavailable)
rNeg    . . .      Spirit   .   (armour unavailable)
rPois   .          Reflect  .   (helmet unavailable)
rElec   .          Harm     .   (cloak unavailable)
rCorr   .          Rampage  .   (gloves unavailable)
Will    +....                   (boots unavailable)
Stlth   +++.......              (no amulet)
HPRegen 0.11/turn               a - +6 ring of intelligence
MPRegen 0.14/turn               c - ring of protection from cold

@: quick
A: very small, claws 1, fangs 3, see invisible, speed 1, shaggy fur 2, stealthy
paws, no weapons or thrown items, no armour, multi-lived
a: Renounce Religion, Channel Magic


You were on level 10 of the Dungeon.
You worshipped Sif Muna.
Sif Muna was pleased with you.
You visited 2 branches of the dungeon, and saw 11 of its levels.

You collected 297 gold pieces.
You spent 132 gold pieces at shops.

Inventory:

Jewellery
 a - a +6 ring of intelligence (left paw)
   (You found it on level 1 of the Dungeon)
 c - a ring of protection from cold (right paw)
   (You found it on level 6 of the Dungeon)
Wands
 e - a wand of flame (7)
   (You found it on level 6 of the Dungeon)
Scrolls
 r - a scroll of identify
 t - 2 scrolls of teleportation
Potions
 b - a potion of mutation
 d - a potion of might
 f - a potion of cancellation
 h - a potion of haste
 n - a potion of resistance
 q - 5 potions of curing
 w - a potion of heal wounds


   Skills:
 - Level 3.0 Fighting
 - Level 4.0 Dodging
 - Level 5.0 Stealth
 - Level 1.0 Unarmed Combat
 + Level 4.5 Spellcasting
 - Level 6.0 Conjurations
 - Level 3.0 Hexes
 - Level 2.0 Translocations
 - Level 6.0 Fire Magic
 + Level 5.6 Invocations
 - Level 1.0 Evocations


You had 2 spell levels left.
You knew the following spells:

 Your Spells              Type           Power      Damage    Failure   Level
a - Apportation           Tloc           28%        N/A       4%          1
b - Foxfire               Conj/Fire      100%       2x1d9     1%          1
c - Scorch                Fire           64%        2d8       1%          2
d - Conjure Flame         Conj/Fire      32%        6-21      2%          3
e - Inner Flame           Hex/Fire       25%        N/A       4%          3
f - Flame Wave            Conj/Fire      32%        3d7       9%          4

Your spell library contained the following spells:

 Spells                   Type           Power      Damage    Failure   Level
 Animate Skeleton         Necr           10%        N/A       10%         1
 Summon Small Mammal      Summ           20%        N/A       10%         1


Dungeon Overview and Level Annotations

Branches:
Dungeon (10/15)            Temple (1/1) D:4            Lair (0/6) D:9
    Orc: D:9-12

Altars:
Dithmenos
Elyvilon
Fedhas
Gozag
Hepliaklqana
Kikubaaqudgha
Makhleb
Nemelex Xobeh
Qazlal
Sif Muna
Trog
Uskayaw
Wu Jian
Yredelemnul
Zin
The Shining One

Shops:
D:6 :

Annotations:
D:4 Grinder
D:8 1 runed translucent door


Innate Abilities, Weirdness & Mutations

You have sharp claws.
You have razor-sharp teeth.
You have supernaturally acute eyesight. (SInv)
You cover ground quickly. (Speed+)
You are covered in thick fur. (AC +2)
Your paws help you pounce on unaware monsters.
You are incapable of wielding weapons or throwing items.
You cannot wear armour.
You gain extra lives every three experience levels.


Message History

The centaur shoots an arrow.
The arrow misses you.
The centaur wields a +0 shortbow.
The centaur shoots an arrow.
The arrow completely misses you.
The centaur shoots an arrow.
The arrow hits you!
The centaur shoots an arrow.
The arrow hits you. The killer bee misses you.
There is a stone staircase leading up, spattered with blood here.
Unknown command.
The centaur shoots an arrow.
The arrow hits you!
* * * LOW HITPOINT WARNING * * *
The killer bee completely misses you.
Unknown command.
A killer bee comes into view.
The killer bee completely misses you. The killer bee misses you.
You feel much better. The killer bee stings you. The killer bee misses you.
Unknown command.
Unknown command.
Casting: Flame Wave (quite dangerous; 9% risk of failure)
Confirm with . or Enter, or press ? or * to list all spells.
Aiming: Inner Flame (dangerous; 4% risk of failure)
Press: ? - help, Shift-Dir - straight line, f - killer bee
Aim: a killer bee (chance to affect: 86%)
The killer bee is filled with an inner flame.
The killer bee barely misses you.
A killer bee comes into view.
The killer bee stings you!
Unknown command.
Casting: Inner Flame (dangerous; 4% risk of failure)
Confirm with . or Enter, or press ? or * to list all spells.
The spell is quite dangerous to cast (9% risk of failure)!
Continue anyway?
Casting: Flame Wave (quite dangerous; 9% risk of failure)
Press: ? - help, Dir - look around, f - activate A wave of flame ripples out!
The flame wave engulfs the killer bee!
You kill the killer bee!
Sif Muna accepts your kill. (Press . to intensify the flame waves.)
The killer bee buzzes angrily.
You hear a shout!
The centaur shoots an arrow.
The arrow closely misses you.
The centaur shoots an arrow.
The arrow misses you.
The centaur shoots an arrow.
The arrow hits you!
You die...

#...###≈≈
#...≈≈≈≈≈≈
#..≈≈≈≈≈≈≈
#..≈≈≈≈≈≈.
#..≈≈≈≈≈c.
#..≈≈≈≈≈..
#..≈≈≈≈c..
########...≈≈≈c..
..y...y@.<.≈≈≈c.#
##########.≈≈≈≈.#
..≈≈≈≈. ###≈≈≈≈
≈≈≈ ##


You could see 3 centaurs and 2 killer bees.

Vanquished Creatures
  Maggie (D:8)
  A troll (D:9)
  A wyvern (D:9)
  Sigmund (D:3)
  A steam dragon (D:6)
  An orc warrior (D:6)
  An ice beast (D:6)
  4 black bears
  An ogre (D:4)
  A wolf (D:9)
  2 kobold brigands (D:9)
  A gnoll sergeant (D:8)
  3 bullfrogs
  A scorpion (D:6)
  5 killer bees
  An electric eel (D:9)
  5 hounds
  A centaur zombie (D:7)
  A jelly (D:8)
  An orc priest (D:4)
  An iguana (D:4)
  An orc wizard (D:7)
  4 adders
  5 gnolls
  A white imp (D:6)
  A worm (D:2)
  11 orcs
  3 endoplasms
  2 giant cockroaches (D:2)
  3 goblins
  A hobgoblin (D:2)
  12 kobolds
  A quokka (D:4)
  A rat (D:2)
81 creatures vanquished.

Vanquished Creatures (others)
  96 foxfires
  3 plants (D:4)
99 creatures vanquished.

Grand Total: 180 creatures vanquished

Notes
Turn   | Place    | Note
-------+----------+-------------------------------------------
     0 | D:1      | CurlyBrace the Felid Fire Elementalist began the quest for
                  | the Orb.
     0 | D:1      | Reached XP level 1. HP: 7/7 MP: 4/4
   118 | D:2      | Reached skill level 1 in Conjurations
   151 | D:2      | Reached XP level 2. HP: 11/11 MP: 1/6
   335 | D:3      | Noticed Sigmund
   340 | D:3      | Learned a level 2 spell: Scorch
   355 | D:3      | Killed Sigmund
   356 | D:3      | Reached XP level 3. HP: 14/14 MP: 0/8
   356 | D:3      | Reached XP level 4. HP: 18/18 MP: 0/10
   356 | D:3      | Reached XP level 5. HP: 21/21 MP: 0/11
   378 | D:4      | Noticed Grinder
   378 | D:4      | Found a staircase to the Ecumenical Temple.
   556 | Temple   | Entered the Ecumenical Temple
   562 | Temple   | Became a worshipper of Sif Muna the Loreminder
   592 | D:4      | Noticed a black bear
   603 | D:4      | Learned a level 3 spell: Conjure Flame
   608 | D:4      | Learned a level 4 spell: Flame Wave
   634 | D:4      | Killed a black bear
   676 | D:5      | Entered Level 5 of the Dungeon
   681 | D:6      | Noticed a black bear
   700 | D:6      | Killed a black bear
   701 | D:6      | Gained mutation: You are covered in thick fur. (AC +2)
                  | [Felid growth]
   701 | D:6      | Reached XP level 6. HP: 24/24 MP: 1/13
   705 | D:6      | Learned a level 3 spell: Inner Flame
   823 | D:4      | Reached skill level 1 in Hexes
   941 | D:4      | Reached skill level 1 in Evocations
   965 | D:4      | Reached skill level 1 in Fighting
   965 | D:4      | Reached skill level 1 in Unarmed Combat
   965 | D:4      | Reached skill level 1 in Invocations
  1021 | D:2      | Reached XP level 7. HP: 17/28 MP: 5/14
  1269 | D:6      | Reached * piety under Sif Muna
  1310 | D:6      | Found Puleaw's Book Boutique.
  1313 | D:6      | Bought a book of Cantrips for 132 gold pieces
  1314 | D:6      | Noticed a steam dragon
  1315 | D:6      | Learned a level 1 spell: Apportation
  1363 | D:8      | Reached skill level 5 in Conjurations
  1363 | D:8      | Reached skill level 5 in Fire Magic
  1395 | D:7      | Reached XP level 8. HP: 31/33 MP: 10/15
  1398 | D:7      | Reached skill level 1 in Translocations
  1577 | D:8      | Found a runed translucent door.
  1583 | D:8      | Found the +10 tower shield of Ignorance {rN+ Int-4}
  1622 | D:8      | Noticed Maggie
  1636 | D:8      | Killed from afar by Maggie
  1637 | D:8      | Reached XP level 7. HP: -12/30 MP: 1/14
  1701 | D:8      | Killed Maggie
  1702 | D:8      | Reached XP level 8. HP: 33/33 MP: 8/15
  1718 | D:10     | Entered Level 10 of the Dungeon
  1736 | D:9      | Found a staircase to the Lair.
  1736 | D:9      | Noticed a troll
  1749 | D:9      | Reached skill level 5 in Invocations
  1757 | D:9      | Killed a troll
  1770 | D:9      | Reached skill level 5 in Stealth
  1773 | D:9      | Reached ** piety under Sif Muna
  1790 | D:9      | Killed by an exploding kobold... ignited by their inner
                  | flame
  1791 | D:9      | Reached XP level 7. HP: -10/30 MP: 3/14
  1842 | D:9      | Reached XP level 8. HP: 34/34 MP: 7/15
  1849 | D:10     | Shot with an arrow by a centaur

Illustrated notes

Levels and vault maps discovered:
D:1:      sevenhm_arrival_forest_fort_small_5, layout_basic,
          shapermc_ecumenical_altar_venn, chequers_serial_rivers_micro_a,
          st_stairs_10, roderic_cross_of_infinity, corner_web_ring
D:2:      layout_basic, moated_statue
D:3:      layout_basic, uniq_sigmund
D:4:      layout_gridville, minmay_temple_entry_overgrown,
          hangedman_abyss_or_decor_stagger, st_stairs_3,
          amcnicky_mini_pool_small, uniq_grinder, uniq_crazy_yiuf_cottage
D:5:      layout_cave_pools, serial_shops, nicolae_shop_window_shopping,
          uniq_pikel
D:6:      layout_loops_ring, serial_shops, nicolae_shop_window_shopping, shop,
          kennysheep_mini_moat, nicolae_take_the_stairs,
          minmay_fractal_squares_5
D:7:      layout_loops_corners
D:8:      layout_cave_pools, nicolae_water_bricks,
          chequers_guarded_unrand_ignorance, uniq_maggie, uniq_erica
D:9:      layout_roguey, erik_lair_island, hangedman_minor_magic
D:10:     layout_long_grid, lemuel_crystal_altar, orc_0_dummy, centaur_isle,
          uniq_sonja
Temple:   dpeg_three_leaves_temple

Skill      XL: |  1  2  3  4  5  6  7  8 |
---------------+-------------------------+-----
Conjurations   | 1 2 3 6 |  6.0
Stealth        | 3 5 |  5.0
Spellcasting   | 3 4 |  4.5
Fire Magic     | 3 4 6 |  6.0
Hexes          | 1 2 3 |  3.0
Dodging        | 3 4 |  4.0
Evocations     | 1 |  1.0
Fighting       | 1 3 |  3.0
Unarmed Combat | 1 |  1.0
Invocations    | 1 4 5 |  5.6
Translocations | 2 |  2.0

Action                   |  1- 3 |  4- 6 |  7- 9 || total
-------------------------+-------+-------+-------++-------
Melee: Unarmed           |     9 |    17 |    10 ||    36
       Bite              |     1 |     3 |     1 ||     5
       Punch             |       |       |     1 ||     1
 Cast: Foxfire           |    15 |    21 |    27 ||    63
       Scorch            |     1 |     4 |    18 ||    23
       Conjure Flame     |       |     3 |     3 ||     6
       Inner Flame       |       |     2 |    22 ||    24
       Apportation       |       |       |     4 ||     4
       Flame Wave        |       |       |     4 ||     4
Invok: Channel Magic     |       |       |     3 ||     3
Evoke: Wand              |       |     2 |     2 ||     4
  Use: Potion            |     1 |     1 |     1 ||     3
       Scroll            |       |     5 |     5 ||    10
 Stab: Sleeping          |       |     3 |       ||     3
Armor: Skin              |       |       |     2 ||     2
Dodge: Dodged            |     5 |     9 |    38 ||    52

Table legend: (Time is in decaauts)
 A = Elapsed time spent in this place.
 B = Non-inter-level travel time spent in this place.
 C = Inter-level travel time spent in this place.
 D = Time resting spent in this place.
 E = Time spent auto-exploring this place.
 F = Levels seen in this place.
 G = Mean time per level.
                   A        B        C        D        E       F      G
               +--------+--------+--------+--------+--------+-----+--------+
         Total |   1570 |   1522 |     48 |      0 |      0 |  11 |  142.7 |
       Dungeon |   1559 |   1515 |     44 |      0 |      0 |  10 |  155.9 |
        Temple |     10 |      6 |      4 |      0 |      0 |   1 |   10.0 |
               +--------+--------+--------+--------+--------+-----+--------+

Top non-repeatable levels by time:
     D:4: 443 daAuts
     D:6: 247 daAuts
     D:7: 172 daAuts
     D:8: 171 daAuts
     D:2: 162 daAuts
     D:3: 159 daAuts
     D:9: 110 daAuts
     D:5: 44 daAuts
     D:1: 41 daAuts
  Temple: 10 daAuts
    D:10: 6 daAuts
